 Dungeon Crawl Stone Soup version 0.21.1-1-g345015fe64 (webtiles) character file.

432 HooM the Chopper (level 7, -2/60 HPs)
             Began as a Hill Orc Fighter on Mar 12, 2018.
             Slain by Skiberibeda's ghost (8 damage)
             ... on level 4 of the Dungeon.
             The game lasted 00:24:28 (4345 turns).

HooM the Chopper (Hill Orc Fighter)                 Turns: 4345, Time: 00:24:28

Health: -2/60      AC: 16    Str: 21    XL:     7   Next: 0%
Magic:  7/7        EV:  4    Int:  8    God:
Gold:   82         SH: 10    Dex: 13    Spells: 6/6 levels left

rFire    . . .     SeeInvis .   a - +0 war axe
rCold    . . .     Gourm    .   c - +0 shield
rNeg     . . .     Faith    .   y - +0 plate armour
rPois    .         Spirit   .   q - +0 helmet
rElec    .         Reflect  .   u - +0 cloak
rCorr    .         Harm     +   (no gloves)
MR       .....                  x - +0 pair of boots
Stlth    ..........             p - amulet of harm
HPRegen  0.20/turn              j - +3 ring of dexterity
MPRegen  0.10/turn              (no ring)

@: no status effects
A: no striking features
a: no special abilities


You were on level 4 of the Dungeon.
You were not hungry.

You visited 1 branch of the dungeon, and saw 4 of its levels.

You collected 196 gold pieces.
You spent 114 gold pieces at shops.

Inventory:

Hand Weapons
 a - a +0 war axe (weapon)
Missiles
 k - 54 stones (quivered)
Armour
 c - a +0 shield (worn)
 q - a +0 helmet (worn)
 u - a +0 cloak (worn)
 x - a +0 pair of boots (worn)
 y - a +0 plate armour (worn)
Jewellery
 j - a +3 ring of dexterity (left hand)
 o - an uncursed amulet of faith
 p - an amulet of harm (around neck)
Wands
 e - a wand of acid (3)
 h - a wand of flame (31)
Scrolls
 b - 3 scrolls of immolation
 i - 2 scrolls of enchant weapon
 m - 3 scrolls of remove curse
 n - 2 scrolls of magic mapping
 s - 3 scrolls of fear {unknown}
Potions
 d - 2 potions of might
 l - a potion of invisibility {unknown}
 r - 2 potions of haste
 t - a potion of cancellation {unknown}
 w - a potion of agility
Comestibles
 f - 7 rations


   Skills:
 + Level 4.5 Fighting
 + Level 5.7 Axes
 + Level 1.8 Throwing
 + Level 5.1 Armour
 + Level 0.1 Dodging
 + Level 1.1 Stealth
 + Level 4.3 Shields


You had 6 spell levels left.
You didn't know any spells.

Dungeon Overview and Level Annotations

Branches:
Dungeon (4/15)
 Temple: D:4-7

Altars:

Shops:
D:4 ?

Annotations:
D:4 Skiberibeda's ghost, novice HOFi


Message History

You block Skiberibeda's ghost's attack.
Your shield and plate armour prevent you from hitting Skiberibeda's ghost.
Skiberibeda's ghost is severely damaged.
Skiberibeda's ghost hits you.
* * * LOW HITPOINT WARNING * * *
You closely miss Skiberibeda's ghost.
Skiberibeda's ghost is severely damaged.
Skiberibeda's ghost hits you but does no damage.
You hit Skiberibeda's ghost but do no damage.
Skiberibeda's ghost is severely damaged.
Skiberibeda's ghost hits you but does no damage.
Skiberibeda's ghost sneers, "Do you call that fighting?"
Skiberibeda's ghost hits you but does no damage.
You hit Skiberibeda's ghost but do no damage.
Skiberibeda's ghost is severely damaged.
You block Skiberibeda's ghost's attack.
You slash Skiberibeda's ghost!
Skiberibeda's ghost is almost destroyed.
Skiberibeda's ghost hits you!
You die...

#.#.#### #......# #.#....#
#.#.#..######### #.#.#..........#
#.#.#.########.# #.#.#.# #.#
#...#.########.# ###########
#...#.......@#'####..........
#..†#######..W......########'
#####.#.......'..................
......#########..................
####### #.)..##..................
#########....##########..........
........)..†...########.########+
...........................(..((.
##############..#######.###..<...


You could see Skiberibeda's ghost.

Vanquished Creatures
  An ogre (D:4)
  Ijyb (D:3)
  Natasha (thrice) (D:3)
  An orc wizard (D:3)
  3 worker ants (D:4)
  6 adders
  An ooze (D:1)
  3 worms (D:2)
  3 dart slugs
  4 leopard geckos
  8 orcs
  8 giant cockroaches
  7 goblins
  8 hobgoblins
  6 kobolds
  2 quokkas
  4 bats
  3 frilled lizards
  4 rats
76 creatures vanquished.

Notes
Turn   | Place    | Note
-------+----------+-------------------------------------------
     0 | D:1      | HooM the Hill Orc Fighter began the quest for the Orb.
     0 | D:1      | Reached XP level 1. HP: 19/19 MP: 1/1
    82 | D:1      | Reached XP level 2. HP: 24/27 MP: 2/2
   450 | D:1      | Reached XP level 3. HP: 32/33 MP: 3/3
  1279 | D:2      | Reached XP level 4. HP: 9/40 MP: 4/4
  1528 | D:2      | Reached skill level 1 in Throwing
  2101 | D:2      | Reached XP level 5. HP: 26/46 MP: 5/5
  2546 | D:3      | Noticed Ijyb
  2567 | D:3      | Killed Ijyb
  2587 | D:3      | HP: 2/46 [poisoned by Ijyb]
  2729 | D:3      | Noticed Natasha
  2759 | D:3      | Killed Natasha
  2759 | D:3      | Reached skill level 1 in Stealth
  2866 | D:3      | Noticed Natasha
  2871 | D:3      | Killed Natasha
  2931 | D:3      | Noticed Natasha
  2955 | D:3      | Killed Natasha
  2955 | D:3      | Reached XP level 6. HP: 18/52 MP: 6/6
  3565 | D:4      | Found Qohorchehie's Magic Scroll Shop.
  3574 | D:4      | Bought a scroll of identify for 24 gold pieces
  3575 | D:4      | Bought a scroll of enchant weapon for 90 gold pieces
  3655 | D:4      | Reached skill level 5 in Axes
  3907 | D:4      | Reached skill level 5 in Armour
  3936 | D:4      | Reached XP level 7. HP: 54/60 MP: 7/7
  3993 | D:4      | Noticed Skiberibeda's ghost (novice HOFi)
  4022 | D:4      | HP: 2/60 [Skiberibeda's ghost (8)]
  4345 | D:4      | Slain by Skiberibeda's ghost

Skill      XL: |  1  2  3  4  5  6 |
---------------+-------------------+-----
Axes           | 3 4 5 |  5.7
Fighting       | 4 |  4.5
Throwing       | 1 |  1.8
Armour         | 4 5 |  5.1
Stealth        | 1 |  1.1
Shields        | 4 |  4.3
Dodging        | |  0.1

Action                   |  1- 3 |  4- 6 |  7- 9 || total
-------------------------+-------+-------+-------++-------
Melee: War axe           |   103 |   198 |    45 ||   346
Throw: Stone             |    47 |   118 |     4 ||   169
  Use: Scroll            |       |     7 |     1 ||     8
       Potion            |       |     2 |     1 ||     3
  Eat: Chunk             |       |    10 |       ||    10
       Ration            |       |       |     1 ||     1
Armor: Scale mail        |    37 |       |       ||    37
       Chain mail        |    12 |    49 |       ||    61
       Plate armour      |       |    75 |    22 ||    97
Dodge: Dodged            |    25 |    29 |     1 ||    55
Block: Shield            |    50 |    97 |    15 ||   162
